 Dungeon Crawl Stone Soup version 0.27-a0-686-gaed091b46b (webtiles) character file.

Game seed: 16319473829318473142

548 DarkShadow the Ruffian (level 7, 0/67 HPs)
             Began as a Troll Berserker on Mar 21, 2021.
             Was a Priest of Trog.
             Slain by a lemure (9 damage)
             ... led by Pikel
             ... on level 4 of the Dungeon.
             The game lasted 00:12:38 (2945 turns).

DarkShadow the Ruffian (Troll Berserker)            Turns: 2945, Time: 00:12:39

Health: 0/67       AC:  4    Str: 26    XL:     7   Next: 7%
Magic:  6/6        EV: 10    Int:  3    God:    Trog [***...]
Gold:   48         SH:  0    Dex: 11    Spells: 6/6 levels left

rFire    . . .     SeeInvis .     - Unarmed
rCold    . . .     Faith    .   (no shield)
rNeg     . . .     Spirit   .   a - +0 animal skin
rPois    .         Reflect  .   (helmet restricted)
rElec    .         Harm     .   (no cloak)
rCorr    .         Rampage  .   (gloves unavailable)
Will     .....                  (boots unavailable)
Stlth    +.........             (no amulet)
HPRegen  1.21/turn              (no ring)
MPRegen  0.10/turn              (no ring)

@: no status effects
A: large, unfitting armour, claws 3, regeneration 1, shaggy fur 1, tough skin 1
a: Renounce Religion, Berserk, Trog's Hand


You were on level 4 of the Dungeon.
You worshipped Trog.
Trog was most pleased with you.
You visited 1 branch of the dungeon, and saw 4 of its levels.

You collected 48 gold pieces.

Inventory:

Armour
 a - a +0 animal skin (worn)
 e - a +0 barding
Jewellery
 j - an amulet of the acrobat
Scrolls
 b - a scroll of silence {unknown}
 c - 5 scrolls of teleportation {unknown}
 d - a scroll of magic mapping {unknown}
 f - a scroll of amnesia {unknown}
 g - 2 scrolls of identify {unknown}
 h - a scroll of enchant armour {unknown}
 i - 2 scrolls of enchant weapon {unknown}
 k - a scroll of fog {unknown}
 l - a scroll of immolation {unknown}


   Skills:
 + Level 3.5 Fighting
 + Level 3.9 Dodging
 + Level 0.3 Stealth
 + Level 6.3 Unarmed Combat


You had 6 spell levels left.
You didn't know any spells.
Your spell library was empty.

Dungeon Overview and Level Annotations

Branches:
Dungeon (4/15)
 Temple: D:4-7

Altars:
Cheibriados
Xom

Annotations:
D:4 Pikel


Innate Abilities, Weirdness & Mutations

You are too large for most types of armour.
You have claws for hands.
Your natural rate of healing is unusually fast.
You are covered in fur. (AC +1)
You have tough skin. (AC +1)


Message History

You claw Pikel!
Pikel is moderately wounded.
You scratch Pikel.
Pikel is moderately wounded.
Pikel hits you with a +2 whip of flaming!
* * * LOW HITPOINT WARNING * * *
Pikel burns you.
* * * LOW HITPOINT WARNING * * *
You scratch Pikel but do no damage.
Pikel is moderately wounded.
Pikel hits you with a +2 whip of flaming!
* * * LOW HITPOINT WARNING * * *
Pikel burns you.
* * * LOW HITPOINT WARNING * * *
You aren't carrying any potions.
Pikel zaps a wand.
You resist with some effort.
Pikel zaps a wand.
You resist with some effort.
The now-empty wand crumbles to dust.
Pikel says, "Don't tell anyone, but I think Ereshkigal likes me."
Pikel hits you with a +2 whip of flaming!
* * * LOW HITPOINT WARNING * * *
Pikel burns you.
* * * LOW HITPOINT WARNING * * *
Pikel cracks his whip.
Pikel barely misses you.
Pikel hits you with a +2 whip of flaming!
* * * LOW HITPOINT WARNING * * *
Pikel burns you.
* * * LOW HITPOINT WARNING * * *
Pikel barely misses you. The lemure hits you.
* * * LOW HITPOINT WARNING * * *
The lemure hits you but does no damage.
Things that are here:
a +0 spear; a gnoll skeleton
Things that are here:
a +0 club; a +0 spear The lemure hits you.
* * * LOW HITPOINT WARNING * * *
The lemure hits you!
You die...

...### #...# ##
.....## ##..##
...<..### #...# #
##......#####..## #
###.......##...# #
####....###..## ##
#.......#...# ####
#. ######......##
##..## #5 ##....@.#
#....## ##5
###...5####.....#
#.. ##...K555.....#
#.#
#...####......####.#
#..### #....#....5.#
#..# ###########.#
#..# #.. #..# ##.
#..# #


You could see Pikel and 2 lemures.

Vanquished Creatures
  Edmund (D:3)
  An ogre (D:4)
  A lemure (D:4)
  An orc priest (D:3)
  An iguana (D:3)
  Natasha (twice) (D:2)
  A hound skeleton (D:4)
  Robin (D:3)
  6 gnolls
  2 adders (D:3)
  An adder skeleton (D:2)
  A worm (D:3)
  5 leopard geckos
  16 orcs
  6 giant cockroaches
  17 goblins
  9 hobgoblins
  2 quokkas (D:3)
  A ball python (D:3)
  9 bats
  8 frilled lizards
  12 kobolds
  6 rats
110 creatures vanquished.

Notes
Turn   | Place    | Note
-------+----------+-------------------------------------------
     0 | D:1      | DarkShadow the Troll Berserker began the quest for the Orb.
     0 | D:1      | Reached XP level 1. HP: 22/22 MP: 0/0
   103 | D:1      | Reached XP level 2. HP: 29/29 MP: 1/1
   511 | D:2      | Found a snail-covered altar of Cheibriados.
   512 | D:2      | Reached ** piety under Trog
   570 | D:2      | Reached XP level 3. HP: 23/36 MP: 2/2
  1110 | D:2      | Noticed Natasha
  1117 | D:2      | Killed Natasha
  1118 | D:2      | Reached skill level 4 in Unarmed Combat
  1118 | D:2      | Reached XP level 4. HP: 42/44 MP: 3/3
  1190 | D:2      | Noticed Natasha
  1196 | D:2      | Killed Natasha
  1643 | D:3      | Reached XP level 5. HP: 53/53 MP: 4/4
  1694 | D:3      | Noticed Robin
  1706 | D:3      | Reached *** piety under Trog
  1729 | D:3      | Killed Robin
  1938 | D:3      | Reached skill level 5 in Unarmed Combat
  2122 | D:3      | Reached XP level 6. HP: 34/61 MP: 5/5
  2204 | D:3      | Found a shimmering altar of Xom.
  2204 | D:3      | Found a shimmering altar of Xom.
  2206 | D:3      | Found a shimmering altar of Xom.
  2216 | D:3      | Found a shimmering altar of Xom.
  2297 | D:4      | Noticed Edmund
  2349 | D:3      | Killed Edmund
  2423 | D:4      | Reached skill level 6 in Unarmed Combat
  2659 | D:4      | Reached XP level 7. HP: 48/67 MP: 6/6
  2843 | D:4      | Noticed Pikel
  2933 | D:4      | HP: 3/67 [Pikel/+2 whip of flaming (1)]
  2945 | D:4      | Slain by a lemure

Illustrated notes

Levels and vault maps discovered:
D:1:      onia_arrival_pentagram, layout_basic
D:2:      layout_rooms, cheibriados_altar_1, serial_aquarium,
          aquarium_bridge_square [aquarium_subvault_balcony,
          aquarium_subvault_bridge, aquarium_subvault_bridge,
          aquarium_subvault_wall], aquarium_window_fake, aquarium_window_2,
          aquarium_window_corridor_1, aquarium_view_2d, uniq_natasha
D:3:      layout_rooms, xom_redecorated, uniq_robin
D:4:      layout_cave_pods, uniq_duvessa, uniq_pikel, uniq_edmund

Skill      XL: |  1  2  3  4  5  6 |
---------------+-------------------+-----
Dodging        | 3 |  3.9
Unarmed Combat | 4 5 6 |  6.3
Fighting       | 3 |  3.5
Stealth        | |  0.3

Action                   |  1- 3 |  4- 6 |  7- 9 || total
-------------------------+-------+-------+-------++-------
Melee: Unarmed           |   124 |   155 |    29 ||   308
       Punch             |     1 |     1 |       ||     2
  Use: Potion            |     4 |       |       ||     4
 Stab: Sleeping          |     1 |       |       ||     1
Armor: Animal skin       |    52 |    57 |     5 ||   114
Dodge: Dodged            |    95 |   126 |    21 ||   242

Table legend: (Time is in decaauts)
 A = Elapsed time spent in this place.
 B = Non-inter-level travel time spent in this place.
 C = Inter-level travel time spent in this place.
 D = Time resting spent in this place.
 E = Time spent auto-exploring this place.
 F = Levels seen in this place.
 G = Mean time per level.
                   A        B        C        D        E       F      G
               +--------+--------+--------+--------+--------+-----+--------+
         Total |   2918 |   2918 |      0 |    489 |   1178 |   4 |  729.5 |
       Dungeon |   2918 |   2918 |      0 |    489 |   1178 |   4 |  729.5 |
               +--------+--------+--------+--------+--------+-----+--------+

Top non-repeatable levels by time:
     D:2: 994 daAuts
     D:3: 900 daAuts
     D:4: 516 daAuts
     D:1: 507 daAuts
